 Dungeon Crawl Stone Soup version 0.29.1-12-g30fa7ad0bf (webtiles) character file.

Game seed: 1614151104706738977

23937 Mitcholas the Grappler (level 12, -6/122 HPs)
             Began as a Troll Fighter on Dec 29, 2022.
             Was a Follower of Wu Jian.
             Mangled by a minotaur
             ... wielding a +5 lajatang of distortion
              (43 damage)
             ... in a Gauntlet.
             The game lasted 00:39:08 (11658 turns).

Mitcholas the Grappler (Troll Fighter)             Turns: 11658, Time: 00:39:08

Health: -6/122     AC:  6    Str: 30      XL:     12   Next: 76%
Magic:  11/11      EV: 11    Int:  7 (13) God:    Wu Jian [*.....]
Gold:   576        SH: 11    Dex: 14      Spells: 11/11 levels left

rFire   . . .      SeeInvis .     - Unarmed
rCold   + . .      Faith    .   b - +0 kite shield
rNeg    . . .      Spirit   .   Q - +0 troll leather armour
rPois   .          Reflect  .   (helmet restricted)
rElec   .          Harm     +   j - scarf {harm}
rCorr   .          Rampage  .   (gloves unavailable)
Will    +....      NoTele   +   (boots unavailable)
Stlth   +.........              L - amulet of Gerchyxi {Acrobat Dex+5}
HPRegen 1.90/turn               v - +4 ring of slaying
MPRegen 0.12/turn               G - ring of Sunlight {Contam rC+ Will+ Str+3 Int+5}

@: mighty, hasted, very quick
A: large, unfitting armour, claws 3, regeneration 1, shaggy fur 1, tough skin 1
a: Renounce Religion


You were in a Gauntlet.
You worshipped Wu Jian.
Wu Jian was aware of your devotion.
You visited 3 branches of the dungeon, and saw 13 of its levels.
You also visited: Gauntlet.

You collected 746 gold pieces.
You spent 170 gold pieces at shops.

Inventory:

Hand Weapons
 J - a +4 flail of freezing
Missiles
 c - 5 curare-tipped darts
 n - 30 poisoned darts
 E - 9 large rocks (quivered)
Armour
 b - a +0 kite shield (worn)
 f - a +0 cloak
 j - a scarf of harm (worn)
 k - a scarf of shadows
 C - a scarf of invisibility
 O - a +2 robe of cold resistance
 Q - a +0 troll leather armour (worn)
 R - a +2 robe of fire resistance
Jewellery
 v - a +4 ring of slaying (left claw)
 G - the ring of Sunlight (right claw) {Contam rC+ Will+ Str+3 Int+5}
   (You bought it in a shop on level 6 of the Dungeon)

   [ring of protection from cold]

   Str:       It affects your strength (+3).
   Int:       It affects your intelligence (+5).
   rC:        It protects you from cold.
   Contam:    It causes magical contamination when unequipped.
   Will:      It increases your willpower.
 L - the amulet of Gerchyxi (around neck) {Acrobat Dex+5}
   (You found it on level 8 of the Dungeon)

   [amulet of the acrobat]

   It increases your evasion while moving and waiting.
   Dex:       It affects your dexterity (+5).
 U - a ring of positive energy
Wands
 a - a wand of flame (23)
 D - a wand of iceblast (25)
 H - a wand of digging (11)
 I - a wand of mindburst (3)
 M - a wand of acid (10)
 P - a wand of charming (10)
Scrolls
 d - 7 scrolls of vulnerability {unknown}
 g - 2 scrolls of amnesia
 h - 5 scrolls of blinking {unknown}
 i - a scroll of immolation
 o - a scroll of fog
 p - 2 scrolls of noise {unknown}
 y - a scroll of summoning {unknown}
 z - 2 scrolls of enchant weapon
 B - 3 scrolls of enchant armour {unknown}
 N - 3 scrolls of teleportation {unknown}
Potions
 e - 4 potions of resistance
 l - a potion of flight
 m - 7 potions of heal wounds
 q - 5 potions of curing
 r - 2 potions of mutation
 t - 3 potions of brilliance
 u - 2 potions of ambrosia
 x - 2 potions of lignification
 K - a potion of magic {unknown}
 S - a potion of cancellation {unknown}


   Skills:
 + Level 8.8 Fighting
 + Level 6.2 Dodging
 + Level 9.6 Shields
 * Level 14.1 Unarmed Combat


You had 11 spell levels left.
You didn't know any spells.
Your spell library contained the following spells:

 Spells                   Type           Power      Damage    Failure   Level
 Sting                    Tmut/Pois      0%         1d3       69%         1
 Poisonous Vapours        Pois/Air       0%         N/A       83%         2
 Frozen Ramparts          Ice            0%         1d1       96%         3
 Stone Arrow              Conj/Erth      0%         3d7       96%         3
 Animate Armour           Summ/Erth      0%         N/A       100%        4
 Corpse Rot               Necr/Pois/Air  0%         N/A       100%        4
 Ice Form                 Ice/Tmut       0%         N/A       100%        4
 Passage of Golubria      Tloc           0%         N/A       100%        4
 Summon Ice Beast         Ice/Summ       0%         N/A       100%        4
 Manifold Assault         Tloc           0%         N/A       100%        5
 Silence                  Hex/Air        0%         N/A       100%        5
 Eringya's Noxious Bog    Tmut/Pois      0%         N/A       100%        6
 Disjunction              Tloc           0%         N/A       100%        8
 Lehudib's Crystal Spear  Conj/Erth      0%         10d2      100%        8


Dungeon Overview and Level Annotations

Branches:
Dungeon (10/15)            Temple (1/1) D:5            Lair (2/5) D:9
  Snake (0/4) Lair:2      Gauntlet (1/1)
  Swamp: Lair:2-3    Shoals: Lair:2-3       Orc: D:9-12

Altars:
Ashenzari
Cheibriados
Dithmenos
Elyvilon
Fedhas
Gozag
Hepliaklqana
Kikubaaqudgha
Makhleb
Nemelex Xobeh
Okawaru
Qazlal
Ru
Sif Muna
Trog
Uskayaw
Vehumet
Wu Jian
Xom
Yredelemnul
Zin
The Shining One

Shops:
D:6 *   D:7 !

Annotations:
D:2 1 runed translucent door, Crazy Yiuf
D:3 2 transporters, wormed's ghost, weakling DgGl
D:6 exclusion: 2 doors
Lair:2 1 transporter Gauntlet 21 runed translucent doors, 6 transporters


Innate Abilities, Weirdness & Mutations

You are too large for most types of armour.
You have claws for hands.
Your natural rate of healing is unusually fast.
You are covered in fur. (AC +1)
You have tough skin. (AC +1)


Message History

The neqoxec is almost dead.
The neqoxec gestures at you.
You feel dopey. Something feeds on your intellect!
You mangle the neqoxec!!
You kill the neqoxec!
The Council accepts your kill.
No reachable target in view!
You start resting.
HP restored.
Okay, then.
Okay, then.
Okay, then.
You open the door.
A minotaur comes into view.
It is wielding a +5 lajatang of distortion, wearing a +0 plate armour of cold resistance, wearing the ring of Wementur {Wiz Will+ Stlth+} and quivering silver javelins.
The minotaur bellows!
The minotaur throws a silver javelin.
The silver javelin pierces through you!!
Found a glowing rapier.
Found a gate leading back out of this place.
You close the door.
You feel very mighty all of a sudden.
You feel yourself speed up.
You feel better.
The minotaur hits you with a +5 lajatang of distortion!!
The minotaur gores you!
You mangle the minotaur!!
The minotaur is moderately wounded.
You scratch the minotaur but do no damage.
The minotaur is moderately wounded.
The minotaur hits you with a +5 lajatang of distortion.
Space warps horribly around you!
* * * LOW HITPOINT WARNING * * *
The minotaur barely misses you.
You claw the minotaur!
The minotaur is severely wounded.
You claw the minotaur!
The minotaur is almost dead.
The minotaur hits you with a +5 lajatang of distortion!!!
You die...

'### ⌠..# ..⌠+ ... .∩ .#
#######'###### #.....@H......
#.###.###.###.# #.............#
###.###.###.###
#####.###.###.##
#§§.............. ###
#8§8.8..©.©..8.8.8 ## #8#
#≈...............§ #8
###############################


You could see a minotaur.

Vanquished Creatures
  A boulder beetle (Lair:2)
  2 two-headed ogres
  A catoblepas (Gauntlet)
  Sonja (Lair:1)
  A skeletal warrior (D:8)
  A sixfirhy (Gauntlet)
  Pikel (D:7)
  A manticore (D:10)
  2 black mambas (Lair:2)
  2 gargoyles (Gauntlet)
  A cane toad (Lair:1)
  2 komodo dragons
  2 trolls (D:9)
  Grinder (D:4)
  2 wyverns
  4 wraiths
  A shadow (D:10)
  3 basilisks (Lair:1)
  Grum (D:10)
  2 steam dragons (D:7)
  A neqoxec (Gauntlet)
  2 acid dragons (D:9)
  7 water moccasins
  4 orc warriors
  2 sky beasts
  2 black bears
  2 ice beasts
  2 ogres
  2 wolves (D:10)
  2 centaurs
  4 kobold brigands
  A lemure (D:7)
  Blork the orc (D:4)
  A bullfrog (D:8)
  A gnoll sergeant (D:8)
  3 scorpions
  2 necrophages
  A small abomination (Gauntlet)
  12 wights
  3 killer bees (D:9)
  An electric eel (D:9)
  2 howler monkeys (D:9)
  3 jellies
  2 wyvern simulacra (D:8)
  2 hounds
  6 orc priests
  Jessica (D:2)
  Ijyb (D:5)
  Natasha (thrice) (D:4)
  6 iguanas
  11 orc wizards
  A spectral killer bee (D:8)
  A killer bee simulacrum (D:8)
  3 gnolls
  7 adders
  A shadow imp (D:5)
  2 white imps
  5 ufetubi
  2 worms
  4 dart slugs
  40 orcs
  9 endoplasms
  8 giant cockroaches
  10 goblins
  8 hobgoblins
  4 jackals
  26 kobolds
  5 quokkas
  5 ball pythons
  6 bats
  5 frilled lizards
  4 rats
  A butterfly (D:5)
282 creatures vanquished.

Vanquished Creatures (others)
  A fungus (Lair:2)
  9 plants (Lair:2)
  4 withered plants
14 creatures vanquished.

Grand Total: 296 creatures vanquished

Notes
Turn   | Place    | Note
-------+----------+-------------------------------------------
     0 | D:1      | Mitcholas the Troll Fighter began the quest for the Orb.
     0 | D:1      | Reached XP level 1. HP: 22/22 MP: 0/0
   215 | D:1      | Reached XP level 2. HP: 29/29 MP: 1/1
   310 | D:1      | Found a faded altar of an unknown god.
   687 | D:2      | Reached XP level 3. HP: 36/36 MP: 2/2
   692 | D:2      | Reached skill level 3 in Unarmed Combat
   713 | D:2      | Noticed Jessica
   716 | D:2      | Killed Jessica
   785 | D:2      | Reached XP level 4. HP: 44/44 MP: 3/3
  1432 | D:2      | Found a runed translucent door.
  1433 | D:2      | Noticed Crazy Yiuf
  1553 | D:3      | Found a transporter.
  1576 | D:3      | Noticed wormed's ghost (weakling DgGl)
  2119 | D:3      | Reached skill level 4 in Unarmed Combat
  2156 | D:3      | Found a transporter.
  2184 | D:3      | Reached XP level 5. HP: 53/53 MP: 4/4
  2529 | D:4      | Found an ancient bone altar of Kikubaaqudgha.
  2596 | D:4      | Noticed Natasha
  2601 | D:4      | Killed Natasha
  2602 | D:4      | Reached XP level 6. HP: 61/61 MP: 5/5
  2654 | D:4      | Found an iron altar of Okawaru.
  2733 | D:4      | Noticed Natasha
  2737 | D:4      | Killed Natasha
  2742 | D:4      | Reached skill level 5 in Unarmed Combat
  2757 | D:4      | Noticed Grinder
  2759 | D:4      | Paralysed by Grinder for 3 turns
  2775 | D:4      | Paralysed by Grinder for 5 turns
  2782 | D:4      | Killed Grinder
  2783 | D:4      | Reached XP level 7. HP: 52/68 MP: 6/6
  2812 | D:4      | Noticed Natasha
  2819 | D:4      | Killed Natasha
  2874 | D:4      | Noticed Blork the orc
  2881 | D:4      | Killed Blork the orc
  2938 | D:4      | Got the Grimoire of the Traveller and Sculpting
  3394 | D:4      | Found an ancient bone altar of Kikubaaqudgha.
  3604 | D:5      | Entered Level 5 of the Dungeon
  3621 | D:5      | Reached skill level 6 in Unarmed Combat
  3648 | D:5      | Found a shadowy altar of Dithmenos.
  4173 | D:5      | Found a broken altar of Ashenzari.
  4248 | D:5      | Reached skill level 5 in Shields
  4248 | D:5      | Reached XP level 8. HP: 61/79 MP: 7/7
  4281 | D:5      | Noticed Ijyb
  4294 | D:5      | Killed Ijyb
  4295 | D:5      | Reached skill level 7 in Unarmed Combat
  4488 | D:5      | Found a staircase to the Ecumenical Temple.
  4709 | Temple   | Entered the Ecumenical Temple
  4734 | Temple   | Became a worshipper of the Shining One
  4953 | D:6      | Reached skill level 5 in Fighting
  5010 | D:6      | Reached skill level 8 in Unarmed Combat
  5410 | D:6      | Found Ola Noum's Assorted Antiques.
  5423 | D:6      | Bought a translucent wooden ring for 170 gold pieces
  5423 | D:6      | Identified the ring of Sunlight {Contam rC+ Will+ Str+3
                  | Int+5} (You bought it in a shop on level 6 of the Dungeon)
  5584 | D:6      | Found a sacrificial altar of Ru.
  5651 | D:6      | Reached XP level 9. HP: 88/88 MP: 8/8
  5672 | D:6      | Noticed a two-headed ogre
  5684 | D:6      | Killed a two-headed ogre
  5685 | D:6      | Reached skill level 9 in Unarmed Combat
  5860 | D:7      | Identified the +10 short sword of the Wasteland {vorpal,
                  | MP+9}
  5933 | D:7      | Found Faokarr's Distillery.
  6060 | D:7      | Noticed Pikel
  6080 | D:7      | Killed Pikel
  6081 | D:7      | Reached skill level 10 in Unarmed Combat
  6394 | D:7      | Reached * piety under the Shining One
  6684 | D:8      | Reached XP level 10. HP: 100/100 MP: 9/9
  6796 | D:8      | Identified the amulet of Gerchyxi {Acrobat Dex+5}
  6834 | D:8      | Found a bloodstained altar of Trog.
  7560 | D:8      | Found a white marble altar of Elyvilon.
  7639 | D:8      | Noticed a skeletal warrior
  7659 | D:8      | Killed a skeletal warrior
  7660 | D:8      | Reached skill level 11 in Unarmed Combat
  7764 | D:8      | Found the +4 dagger "Morg" {pain, Will+ Int+5}
  7766 | D:8      | Reached ** piety under the Shining One
  8072 | D:9      | Found an ornate altar of the Wu Jian Council.
  8201 | D:9      | Fell from the grace of the Shining One
  8201 | D:9      | Became a worshipper of the Wu Jian Council
  8615 | D:9      | Found a shimmering altar of Xom.
  8646 | D:9      | Found a staircase to the Lair.
  9211 | D:10     | Entered Level 10 of the Dungeon
  9630 | D:10     | Noticed a manticore
  9639 | D:10     | Killed a manticore
  9639 | D:10     | Reached * piety under Wu Jian
  9640 | D:10     | Reached XP level 11. HP: 95/109 MP: 10/10
  9657 | D:10     | Reached skill level 12 in Unarmed Combat
  9667 | D:10     | Noticed Grum
  9682 | D:10     | Killed Grum
  9757 | D:10     | Noticed a two-headed ogre
  9765 | D:10     | Killed a two-headed ogre
  9798 | D:10     | Found a glowing silver altar of Zin.
 10311 | Lair:1   | Entered Level 1 of the Lair of Beasts
 10642 | Lair:1   | Noticed Sonja
 10645 | Lair:1   | Killed Sonja
 11143 | Lair:1   | Reached skill level 5 in Dodging
 11143 | Lair:1   | Reached skill level 13 in Unarmed Combat
 11143 | Lair:1   | Reached XP level 12. HP: 122/122 MP: 11/11
 11165 | Lair:2   | Found a transporter.
 11195 | Lair:2   | Noticed a boulder beetle
 11217 | Lair:2   | Killed a boulder beetle
 11239 | Lair:2   | Found a staircase to the Snake Pit.
 11259 | Lair:2   | Found a gate leading to a gauntlet.
 11284 | Gauntlet | Entered a Gauntlet
 11284 | Gauntlet | Found a large runed translucent door.
 11284 | Gauntlet | Found a large runed translucent door.
 11284 | Gauntlet | Found a large runed translucent door.
 11284 | Gauntlet | Found a large runed translucent door.
 11284 | Gauntlet | Found a runed translucent door.
 11284 | Gauntlet | Found a large runed translucent door.
 11284 | Gauntlet | Found a large runed translucent door.
 11284 | Gauntlet | Found a transporter.
 11284 | Gauntlet | Found a transporter.
 11284 | Gauntlet | Found a large runed translucent door.
 11284 | Gauntlet | Found a large runed translucent door.
 11284 | Gauntlet | Found a runed translucent gate.
 11284 | Gauntlet | Found a runed translucent gate.
 11284 | Gauntlet | Found a transporter.
 11285 | Gauntlet | Found a transporter.
 11285 | Gauntlet | Noticed a catoblepas
 11288 | Gauntlet | Found a transporter.
 11288 | Gauntlet | Found a transporter.
 11289 | Gauntlet | Found a runed translucent gate.
 11289 | Gauntlet | Found a runed translucent door.
 11293 | Gauntlet | Found a large runed translucent door.
 11293 | Gauntlet | Found a large runed translucent door.
 11296 | Gauntlet | Noticed a tengu warrior
 11300 | Gauntlet | Found a transporter.
 11302 | Gauntlet | Found a transporter.
 11318 | Gauntlet | Found a transporter.
 11319 | Gauntlet | Found a transporter.
 11336 | Gauntlet | Found a transporter.
 11340 | Gauntlet | Found a transporter.
 11385 | Gauntlet | Found a large runed translucent door.
 11385 | Gauntlet | Found a large runed translucent door.
 11386 | Gauntlet | Found a large runed translucent door.
 11386 | Gauntlet | Found a large runed translucent door.
 11387 | Gauntlet | Found a large runed translucent door.
 11387 | Gauntlet | Found a large runed translucent door.
 11525 | Gauntlet | Killed a catoblepas
 11526 | Gauntlet | Reached skill level 14 in Unarmed Combat
 11636 | Gauntlet | Identified the ring of Wementur {Wiz Will+ Stlth+}
 11636 | Gauntlet | Noticed a minotaur
 11658 | Gauntlet | Mangled by a minotaur

Illustrated notes

Levels and vault maps discovered:
D:1:      dpeg_arrival_rhombus, layout_loops_ring,
          ebering_ecumenical_altar_petrified, hangedman_glass_teeth,
          reono_crystal_passage
D:2:      layout_basic, grunt_decor_cap, minmay_quadrilaterals,
          uniq_crazy_yiuf_cottage, uniq_jessica
D:3:      layout_basic, gammafunk_ghost_arena, minmay_misc_feat_tiny,
          dk_vineyard_3, minmay_circle_x
D:4:      layout_cave_pools, kiku_gazebo_pond_becter,
          mainiacjoe_overflow_six_doors_small, uniq_natasha, uniq_blork_the_orc,
          uniq_grinder
D:5:      layout_basic, nicolae_dithmenos_shadow_blocks,
          cheibrodos_ashenzari_chains, minmay_temple_entry_butterflies,
          uniq_ijyb
D:6:      cheibrodos_two_vegetables, layout_basic,
          nicolae_ru_the_path_less_chosen, serial_shops, shop_statue
D:7:      layout_loops_ring, serial_shops, shop,
          hangedman_abyss_or_decor_jellyfish_corner, kennysheep_generic_room_11,
          uniq_pikel
D:8:      layout_gridville, mainiacjoe_overflow_catwalk,
          lemuel_coloured_pillars_altar, dilly_guarded_unrand_morg
D:9:      layout_long_grid, old_standard_altar, mainiacjoe_overflow_alcove_1,
          lair_entry_dummy, kennysheep_small_spiral
D:10:     layout_basic, zin_statuary, minmay_fountain_box, uniq_grum
Temple:   hellmonk_temple_two_chambers
Lair:1:   layout_roguey, infiniplex_staircase_pool, serial_bayou_shore_b,
          uniq_sonja
Lair:2:   layout_layer_cave, minmay_snake_entry_six_corridors,
          gauntlet_entry_generic, gammafunk_ghost_wrathful_warriors,
          serial_bayou_shore_a
Gauntlet: gammafunk_gauntlet_hard_choice [nicolae_gauntlet_arena_blocks,
          minmay_gauntlet_arena_make_your_own_arena,
          nicolae_gauntlet_arena_quarters, nicolae_gauntlet_swirl,
          gammafunk_gauntlet_arena_grid, gammafunk_gauntlet_arena_split_x,
          gauntlet_exit_hidden_loot]

Skill      XL: |  1  2  3  4  5  6  7  8  9 10 11 12 |
---------------+-------------------------------------+-----
Shields        | 3 4 5 6 7 8 9 |  9.6
Unarmed Combat | 3 4 5 6 8 10 11 13 14 | 14.1
Fighting       | 3 4 5 6 7 8 |  8.8
Dodging        | 4 5 6 |  6.2

Action                   |  1- 3 |  4- 6 |  7- 9 | 10-12 || total
-------------------------+-------+-------+-------+-------++-------
Melee: Unarmed           |    71 |   188 |   213 |   310 ||   782
Throw: Dart              |       |     8 |     6 |     3 ||    17
Invok: Lunge             |       |       |       |    26 ||    26
       Whirlwind         |       |       |       |     1 ||     1
Evoke: Wand              |       |       |     1 |     7 ||     8
  Use: Potion            |       |       |     1 |     4 ||     5
       Scroll            |       |       |       |    18 ||    18
 Stab: Sleeping          |       |     2 |     1 |       ||     3
Armor: Robe              |    20 |    59 |    54 |    15 ||   148
       Troll leather arm |       |       |       |    19 ||    19
Dodge: Dodged            |    23 |    46 |    63 |    92 ||   224
Block: Kite shield       |    24 |    54 |    65 |   117 ||   260
